 Dungeon Crawl Stone Soup version 0.28.0-53-g5a82cb258f (webtiles) character file.

Game seed: 4498380466600486086

67 cbfl8 the Skirmisher (level 4, -7/61 HPs)
             Began as a Minotaur Berserker on July 17, 2022.
             Was a Follower of Trog.
             Mangled by an ogre
             ... wielding a +0 giant club
              (21 damage)
             ... on level 2 of the Dungeon.
             The game lasted 00:01:08 (1185 turns).

cbfl8 the Skirmisher (Minotaur Berserker)           Turns: 1185, Time: 00:01:09

Health: -7/61      AC:  4    Str: 21    XL:     4   Next: 0%
Magic:  3/3        EV: 12    Int:  4    God:    Trog [*.....]
Gold:   9          SH:  0    Dex: 12    Spells: 3/3 levels left

rFire   . . .      SeeInvis .   a - +0 hand axe
rCold   . . .      Faith    .   (no shield)
rNeg    . . .      Spirit   .   k - +0 leather armour
rPois   .          Reflect  .   (helmet restricted)
rElec   .          Harm     .   (no cloak)
rCorr   .          Rampage  .   e - +0 pair of gloves
Will    .....                   (no boots)
Stlth   ..........              (no amulet)
HPRegen 0.20/turn               (no ring)
MPRegen 0.08/turn               (no ring)

@: berserking, very quick
A: horns 2, retaliatory headbutt
a: Renounce Religion, Berserk


You were on level 2 of the Dungeon.
You worshipped Trog.
Trog was aware of your devotion.
You visited 1 branch of the dungeon, and saw 2 of its levels.

You collected 9 gold pieces.

Inventory:

Hand Weapons
 a - a +0 hand axe (weapon)
Armour
 b - a +0 animal skin
 e - a +0 pair of gloves (worn)
 k - a +0 leather armour (worn)
Scrolls
 c - 6 scrolls of fear {unknown}
 f - a scroll of fog {unknown}
 g - a scroll of noise {unknown}
 h - 2 scrolls of identify {unknown}
 m - a scroll of immolation {unknown}
Potions
 d - a potion of curing {unknown}
 i - a potion of haste {unknown}
 j - a potion of lignification {unknown}
 l - 2 potions of heal wounds {unknown}


   Skills:
 * Level 4.7 Fighting
 + Level 4.6 Axes
 + Level 2.6 Armour
 + Level 2.6 Dodging


You had 3 spell levels left.
You didn't know any spells.
Your spell library was empty.

Dungeon Overview and Level Annotations

Branches:
Dungeon (2/15)

Altars:


Innate Abilities, Weirdness & Mutations

You have a pair of horns on your head.
You reflexively headbutt those who attack you in melee.


Message History

There is an open door here.
You see here a rat skeleton.
You open the door.
There is an open door here.
A frilled lizard comes into view.
The frilled lizard hisses angrily.
A frilled lizard is nearby!
The frilled lizard bites you but does no damage.
A frilled lizard is nearby!
You hit the frilled lizard.
You kill the frilled lizard!
Trog accepts your kill.
You have reached level 4!
You feel agile.
You see here a frilled lizard corpse.
m - a scroll labelled ASTRISU XALUREDWI No target in view!
Found an escape hatch in the ceiling.
No target in view!
An ogre comes into view. It is wielding a +0 giant club.
Found 8 gold pieces.
An ogre is nearby!
An ogre is nearby!
The ogre hits you with a +0 giant club!
An ogre is nearby!
You hit the ogre.
The ogre is lightly wounded.
The ogre hits you with a +0 giant club.
A red film seems to cover your vision as you go berserk!
You feel yourself moving faster!
You feel mighty!
You can no longer call upon Trog for regeneration and willpower.
The ogre hits you with a +0 giant club!!
* * * LOW HITPOINT WARNING * * *
You are too injured to fight recklessly!
You slash the ogre!
The ogre is heavily wounded.
You slash the ogre! Your headbutt misses the ogre.
The ogre is severely wounded.
The ogre hits you with a +0 giant club!!
You die...

#.##########.#. #.
.......... # ...####.#.
#....#. . #.####. ...
#.# #.
###########+##.$.. #.#
#. #...............#
#.# #.
#.#####...@O....# #.#
.. #.# #.........# #.#
#. #.# #.........# #.#
## #.# #.........# #.#
#.########...?..# #.#
#.......##.<....# #.#
#######.#############.#
#.#.......†.....#
#.#.#############


You could see an ogre.

Vanquished Creatures
  An iguana (D:2)
  2 adders (D:2)
  A dart slug (D:1)
  3 endoplasms
  A hobgoblin (D:1)
  3 kobolds (D:1)
  6 ball pythons
  2 bats
  3 frilled lizards
  A goblin (D:1)
  A rat (D:2)
24 creatures vanquished.

Notes
Turn   | Place    | Note
-------+----------+-------------------------------------------
     0 | D:1      | cbfl8 the Minotaur Berserker began the quest for the Orb.
     0 | D:1      | Reached XP level 1. HP: 19/19 MP: 0/0
   284 | D:1      | Reached XP level 2. HP: 27/27 MP: 1/1
   734 | D:2      | Reached XP level 3. HP: 34/34 MP: 2/2
  1068 | D:2      | Reached ** piety under Trog
  1125 | D:2      | Reached XP level 4. HP: 41/41 MP: 3/3
  1178 | D:2      | Noticed an ogre
  1185 | D:2      | Mangled by an ogre

Illustrated notes

Levels and vault maps discovered:
D:1:      dpeg_arrival_fog, layout_rooms, minmay_misc_feat_room
D:2:      layout_basic, ebering_ecumenical_altar_sacrificial

Skill      XL: |  1  2 |
---------------+-------+-----
Axes           | 4 |  4.6
Fighting       | 4 |  4.7
Armour         | |  2.6
Dodging        | |  2.6

Action                   |  1- 3 |  4- 6 || total
-------------------------+-------+-------++-------
Melee: Hand axe          |    39 |     3 ||    42
       Headbutt          |     4 |       ||     4
       Punch             |     1 |       ||     1
Invok: Berserk           |     1 |     1 ||     2
Armor: Animal skin       |     6 |       ||     6
       Leather armour    |     3 |       ||     3
Dodge: Dodged            |    25 |       ||    25
